 Dungeon Crawl Stone Soup version 0.25.0-15-gac7dcb8919 (webtiles) character file.

Game seed: 14622651240601592183

799 grindst0ne the Skirmisher (level 8, -7/55 HPs)
             Began as a Human Chaos Knight on June 28, 2020.
             Was a Plaything of Xom.
             Mangled by a wight
             ... wielding a cursed +3 halberd of freezing
              (10 damage)
             ... on level 6 of the Dungeon.
             The game lasted 00:07:58 (5432 turns).

grindst0ne the Skirmisher (Human Chaos Knight)      Turns: 5432, Time: 00:07:59

Health: -7/55      AC: 15    Str: 15    XL:     8   Next: 13%
Magic:  8/8        EV: 12    Int: 12    God:    Xom [....*.]
Gold:   380        SH:  0    Dex: 13    Spells: 7/7 levels left

rFire    . . .     SeeInvis .   a - +0 hand axe (chaos)
rCold    . . .     Gourm    .   (no shield)
rNeg     . . .     Faith    .   b - +2 leather armour
rPois    .         Spirit   .   k - +1 hat
rElec    .         Reflect  .   h - +0 cloak
rCorr    .         Harm     .   (no gloves)
MR       +....                  (no boots)
Stlth    +.........             (no amulet)
HPRegen  0.18/turn              t - +4 ring of protection
MPRegen  0.11/turn              x - ring of protection from magic

@: heavily drained
A: yellow scales 2, frail 1, high mp 1, shaggy fur 1
a: Renounce Religion


You were on level 6 of the Dungeon.
You worshipped Xom.
You were a beloved toy of Xom.
You were not hungry.

You visited 1 branch of the dungeon, and saw 6 of its levels.

You collected 380 gold pieces.

Inventory:

Hand Weapons
 a - a +0 hand axe of chaos (weapon)
Missiles
 l - 51 poisoned darts (quivered)
Armour
 b - a +2 leather armour (worn)
 h - a +0 cloak (worn)
 j - a +0 buckler
 k - a +1 hat (worn)
 n - a +0 chain mail
 y - a +0 kite shield
Jewellery
 p - an uncursed ring of resist corrosion {unknown}
 s - an uncursed ring of protection from fire
 t - a +4 ring of protection (left hand)
 x - a ring of protection from magic (right hand)
Scrolls
 d - 4 scrolls of identify
 e - 4 scrolls of teleportation
 g - 2 scrolls of remove curse {unknown}
 i - 2 scrolls of blinking {unknown}
 m - a scroll of enchant armour {unknown}
 o - 2 scrolls of enchant weapon {unknown}
 q - a scroll of immolation {unknown}
 r - a scroll of magic mapping {unknown}
 u - a scroll of fog {unknown}
Potions
 f - a potion of stabbing
 A - a potion of resistance {unknown}
 B - a potion of mutation {unknown}
 C - a potion of might {unknown}
Comestibles
 c - 14 rations


   Skills:
 + Level 5.1(3.6) Fighting
 + Level 5.1(3.5) Axes
 + Level 4.7(3.1) Armour
 + Level 4.2(2.6) Dodging


You had 7 spell levels left.
You didn't know any spells.
Your spell library was empty.

Dungeon Overview and Level Annotations

Branches:
Dungeon (6/15)             Temple (0/1) D:4

Altars:
Ashenzari
Makhleb
Nemelex Xobeh
Qazlal
Ru
Sif Muna

Shops:
D:5 }

Annotations:
D:5 3 runed translucent doors, Enish's ghost, amateur MiFi
D:6 3 runed translucent doors, sanka's ghost, novice HaIE


Innate Abilities, Weirdness & Mutations

You are mostly covered in yellow scales. (AC +3)
You are frail. (-10% HP)
You have an increased reservoir of magic. (+10% MP)
You are covered in fur. (AC +1)


Message History

The wight misses you.
You hit the wight but do no damage.
The wight is lightly damaged.
Something hits you but does no damage. The wight hits you but does no damage.
You miss the wight.
The wight is lightly damaged.
Something hits you!
* * * LOW HITPOINT WARNING * * *
You feel drained.
* * * LOW HITPOINT WARNING * * *
Something freezes you.
* * * LOW HITPOINT WARNING * * *
You closely miss the wight.
The wight is lightly damaged.
The wight hits you with a +0 flail.
* * * LOW HITPOINT WARNING * * *
You feel drained.
* * * LOW HITPOINT WARNING * * *
Something hits you!
You die...

... ... .... .....
.....# .....)#
#############
......)###.....#.....##
......)(.....{z@......##
.....###...#####.......#
... #?.##KK.##......# .
#/.#K#K#.##.....#
#..+WK#.. #.....#
#..+KKK..?#.....#
#..+K.#...#.....#
#..#.#.#.##....##
##.##.⌠. #<...##


You could see a wight (agile).

Vanquished Creatures
  A sky beast (D:5)
  An ogre (D:4)
  A scorpion (D:4)
  A killer bee (D:4)
  2 wights (D:6)
  2 howler monkeys
  2 jellies
  A centaur skeleton (D:4)
  A bullfrog skeleton (D:5)
  3 gnolls (D:5)
  8 adders
  An ooze (D:4)
  4 worms
  2 dart slugs
  5 leopard geckos
  11 orcs
  2 ball pythons
  7 bats
  5 giant cockroaches
  15 goblins
  21 hobgoblins
  11 jackals
  4 kobolds
  A quokka (D:5)
  4 frilled lizards
  A leopard gecko zombie (D:5)
  8 rats
125 creatures vanquished.

Vanquished Creatures (collateral kills)
  A sky beast (D:5)
  2 jackals (D:3)
3 creatures vanquished.

Vanquished Creatures (others)
  A wight (D:6)
  A fungus (D:5)
2 creatures vanquished.

Grand Total: 130 creatures vanquished

Notes
Turn   | Place    | Note
-------+----------+-------------------------------------------
     0 | D:1      | grindst0ne the Human Chaos Knight began the quest for the
                  | Orb.
     0 | D:1      | Reached XP level 1. HP: 18/18 MP: 1/1
    49 | D:1      | Reached XP level 2. HP: 24/24 MP: 2/2
    49 | D:1      | XOM: silly message
   375 | D:1      | Reached XP level 3. HP: 27/29 MP: 3/3
   438 | D:1      | XOM: silly message
   546 | D:1      | XOM: silly message
  1241 | D:2      | XOM: divination: magic mapping
  1287 | D:2      | Reached XP level 4. HP: 34/35 MP: 4/4
  1696 | D:2      | Found a burning altar of Makhleb.
  1696 | D:2      | Found a shattered altar of Ashenzari.
  1697 | D:2      | Found a sacrificial altar of Ru.
  1729 | D:2      | Found a stormy altar of Qazlal.
  1730 | D:2      | Found a sparkling altar of Nemelex Xobeh.
  1781 | D:2      | XOM: cloud trail
  1841 | D:2      | XOM: silly message
  1899 | D:2      | XOM: silly message
  2019 | D:3      | Reached XP level 5. HP: 42/42 MP: 5/5
  2029 | D:3      | XOM: cast spell 'Summon Small Mammal'
  2093 | D:3      | XOM: silly message
  2119 | D:3      | XOM: summons 1 hostile demon
  2235 | D:3      | XOM: 4-stop teleportation journey
  2360 | D:3      | XOM: silly message
  2443 | D:3      | XOM: noise
  2470 | D:3      | XOM: silly message
  2591 | D:3      | XOM: confusion
  3093 | D:4      | Reached XP level 6. HP: 44/48 MP: 6/6
  3100 | D:4      | XOM: enchant monster (bad)
  3373 | D:4      | Found a staircase to the Ecumenical Temple.
  3410 | D:4      | Noticed an ogre
  3423 | D:4      | Killed an ogre
  3585 | D:4      | XOM: 2-stop teleportation journey
  3651 | D:4      | XOM: polymorph howler monkey -> killer bee
  3674 | D:4      | Reached XP level 7. HP: 33/55 MP: 7/7
  3795 | D:4      | XOM: give mutations
  3795 | D:4      | Gained mutation: You are agile. (Dex +2) [Xom's mischief]
  3795 | D:4      | Gained mutation: You are partially covered in yellow
                  | scales. (AC +2) [Xom's mischief]
  3913 | D:4      | Found a shimmering blue altar of Sif Muna.
  3961 | D:4      | XOM: give mutations
  3961 | D:4      | Gained mutation: You are frail. (-10% HP) [Xom's mischief]
  3961 | D:4      | Gained mutation: You are covered in fur. (AC +1) [Xom's
                  | mischief]
  4120 | D:4      | XOM: divination: detect creatures
  4138 | D:4      | XOM: give mutations
  4138 | D:4      | Gained mutation: You are mostly covered in yellow scales.
                  | (AC +3) [Xom's mischief]
  4138 | D:4      | Lost mutation: You are agile. (Dex +2) [Xom's mischief]
  4250 | D:5      | Entered Level 5 of the Dungeon
  4299 | D:5      | XOM: divination: detect creatures
  4594 | D:5      | Found Rual's Gadget Shop.
  4694 | D:5      | Reached skill level 5 in Fighting
  4854 | D:5      | XOM: confusion (+ monsters)
  4862 | D:5      | Noticed a shapeshifter
  4862 | D:5      | a centaur changed into a shapeshifter
  4862 | D:5      | Noticed an orb spider
  4862 | D:5      | a shapeshifter changed into an orb spider
  5007 | D:5      | Reached skill level 5 in Axes
  5007 | D:5      | Reached XP level 8. HP: 48/55 MP: 8/8
  5122 | D:5      | Found a runed translucent gate.
  5123 | D:5      | Found a runed translucent gate.
  5124 | D:5      | Found a runed translucent gate.
  5124 | D:5      | Noticed Enish's ghost (amateur MiFi)
  5196 | D:5      | XOM: give mutation
  5196 | D:5      | Gained mutation: You have an increased reservoir of magic.
                  | (+10% MP) [Xom's grace]
  5403 | D:6      | Found a runed translucent gate.
  5403 | D:6      | Found a runed translucent gate.
  5403 | D:6      | Found a runed translucent gate.
  5404 | D:6      | Noticed sanka's ghost (novice HaIE)
  5409 | D:6      | XOM: destruction
  5432 | D:6      | Mangled by a wight

Illustrated notes

Levels and vault maps discovered:
D:1:      heliophobic_arrival_enchanted_forest, layout_basic,
          serial_bayou_pond_b, chequers_big_river
D:2:      layout_loops_ring, nicolae_overflow_hidden_temple, first_ration,
          hangedman_decor_points, grunt_ministairs_9
D:3:      cheibrodos_greedy_goblins, layout_rooms,
          minmay_randomly_rotated_circles
D:4:      layout_gridville, nicolae_overflow_crystal_walls,
          minmay_temple_entry_waves
D:5:      layout_cave_pods, gammafunk_ghost_nasty_kobolds, serial_shops,
          kennysheep_mini_moat, shop
D:6:      layout_rooms, lemuel_doored_altar, nicolae_tso_besieged_by_evil,
          old_standard_altar, gammafunk_ghost_nasty_kobolds, uniq_duvessa

Skill      XL: |  1  2  3  4  5  6  7 |
---------------+----------------------+-----
Dodging        | 2 3 4 |  4.2
Armour         | 3 4 |  4.7
Fighting       | 4 5 |  5.1
Axes           | 4 5 |  5.1

Action                   |  1- 3 |  4- 6 |  7- 9 || total
-------------------------+-------+-------+-------++-------
Melee: Hand axe          |    80 |   195 |   143 ||   418
Throw: Throwing net      |       |     1 |       ||     1
       Dart              |       |       |     2 ||     2
  Use: Potion            |       |     1 |     4 ||     5
       Scroll            |       |       |     2 ||     2
 Stab: Paralysed         |     1 |     1 |     4 ||     6
       Petrified         |       |     2 |       ||     2
       Confused          |       |     1 |       ||     1
       Held in net/web   |       |     1 |       ||     1
       Distracted        |       |       |     1 ||     1
       Sleeping          |       |       |     2 ||     2
  Eat: Chunk             |     1 |     7 |     5 ||    13
       Ration            |       |       |     1 ||     1
Armor: Leather armour    |    38 |    89 |    73 ||   200
Dodge: Dodged            |    58 |   132 |    95 ||   285
